 Dungeon Crawl Stone Soup version 0.30-a0-360-g447f08457e (webtiles) character file.

Game seed: 3361639043670273494

1701 bande the Chopper (level 9, -2/54 HPs)
             Began as a Gargoyle Fighter on Nov 14, 2022.
             Was an Initiate of Okawaru.
             Killed from afar by a steam dragon (17 damage)
             ... with a ball of steam
             ... on level 6 of the Dungeon.
             The game lasted 00:11:03 (5415 turns).

bande the Chopper (Gargoyle Fighter)                Turns: 5415, Time: 00:11:04

Health: -2/54      AC: 20    Str: 20    XL:     9   Next: 3%
Magic:  9/9        EV:  8    Int:  9    God:    Okawaru [......]
Gold:   340        SH: 15    Dex: 13    Spells: 8/8 levels left

rFire   . . .      SeeInvis +    a - +1 war axe
rCold   . . .      Faith    .    i - +1 kite shield
rNeg    + . .      Spirit   .    n - +0 plate armour
rPois   ∞          Reflect  +    (no helmet)
rElec   +          Harm     .    (no cloak)
rCorr   .          Rampage  .    (no gloves)
Will    .....                    q - +0 pair of boots
Stlth   ..........               p - amulet of reflection
HPRegen 0.29/turn                m - +4 ring of evasion
MPRegen 0.11/turn                x - ring of see invisible

@: no status effects
A: sickness immunity, AC +6, negative energy resistance 1, electricity
resistance, torment resistance 1, petrification resistance
a: Renounce Religion


You were on level 6 of the Dungeon.
You worshipped Okawaru.
Okawaru was noncommittal.
You visited 2 branches of the dungeon, and saw 7 of its levels.

You collected 340 gold pieces.

Inventory:

Hand Weapons
 a - a +1 war axe (weapon)
 j - a +0 flail
Armour
 i - a +1 kite shield (worn)
 n - a +0 plate armour (worn)
 q - a +0 pair of boots (worn)
Jewellery
 l - a ring of ice
 m - a +4 ring of evasion (left hand)
 p - an amulet of reflection (around neck)
 x - a ring of see invisible (right hand)
Wands
 r - a wand of polymorph (6)
Scrolls
 s - a scroll of identify
 u - a scroll of teleportation
 v - a scroll of enchant weapon
Potions
 c - 2 potions of mutation
 d - 4 potions of might
 e - a potion of ambrosia
 f - a potion of haste
 g - a potion of brilliance
 h - a potion of berserk rage
 k - 8 potions of curing
 o - a potion of invisibility


   Skills:
 + Level 5.0 Fighting
 + Level 7.0 Axes
 + Level 5.5 Armour
 - Level 0.1 Stealth
 + Level 5.9 Shields
 * Level 1.2 Invocations
 * Level 3.6 Evocations


You had 8 spell levels left.
You didn't know any spells.
Your spell library contained the following spells:

 Spells                   Type           Power      Damage    Failure   Level
 Blink                    Tloc           0%         N/A       100%        2
 Momentum Strike          Conj/Tloc      0%         3d8       100%        2
 Poisonous Vapours        Pois/Air       0%         N/A       100%        2
 Lesser Beckoning         Tloc           0%         N/A       100%        3
 Mephitic Cloud           Conj/Pois/Air  0%         N/A       100%        3
 Manifold Assault         Tloc           0%         N/A       100%        4
 Dispersal                Tloc           0%         N/A       100%        6
 Storm Form               Tmut/Air       0%         N/A       100%        7
 Disjunction              Tloc           0%         N/A       100%        8
 Maxwell's Capacitive Co  Air            0%         ∞         100%        8
 Cigotuvi's Dreadful Rot  Necr/Pois/Air  Unusable   N/A       N/A         2
 Summon Lightning Spire   Summ/Air       Unusable   N/A       N/A         4

Dungeon Overview and Level Annotations

Branches:
Dungeon (6/15)             Temple (1/1) D:6

Altars:
Ashenzari
Cheibriados
Dithmenos
Elyvilon
Fedhas
Gozag
Kikubaaqudgha
Makhleb
Nemelex Xobeh
Okawaru
Qazlal
Ru
Sif Muna
Trog
Uskayaw
Wu Jian
Xom
Yredelemnul
Zin
The Shining One

Shops:
D:4 (

Annotations:
Temple 2 transporters


Innate Abilities, Weirdness & Mutations

You are immune to sickness and miasma.
Your stone body is resilient. (AC +6)
You are immune to poison.
You resist negative energy. (rN+)
You are resistant to electric shocks. (rElec)
You are resistant to unholy torment.
You are immune to petrification.


Message History

The steam dragon resists.
You block the steam dragon's attack. x2
You closely miss the steam dragon.
The steam dragon is almost dead.
You block the steam dragon's attack.
The steam dragon claws you but does no damage.
You closely miss the steam dragon.
The steam dragon is almost dead.
You closely miss the steam dragon. You block the steam dragon's attack.
The steam dragon claws you but does no damage.
The steam dragon breathes steam at you. The ball of steam misses you.
The ball of steam hits the steam dragon!
The steam dragon resists.
The steam dragon dies!
Your Axes skill increases to level 7!
Your Invocations skill increases to level 1!
You have reached level 9!
Your experience leads to an increase in your attributes!
Increase (S)trength, (I)ntelligence, or (D)exterity?
You feel agile. x2
Unknown command.
You closely miss the steam dragon.
You are engulfed in a cloud of scalding steam.
* * * LOW HITPOINT WARNING * * *
You block the steam dragon's attack. x2
You closely miss the steam dragon.
You are engulfed in a cloud of scalding steam.
The steam dragon bites you but does no damage.
You block the steam dragon's attack. The steam dragon closely misses you.
You block the steam dragon's attack.
You slash the steam dragon!
The steam dragon is moderately wounded.
You are engulfed in a cloud of scalding steam.
You block the steam dragon's attack. x2
Unknown command.
You closely miss the steam dragon.
The steam dragon is moderately wounded.
The steam dragon breathes steam at you. The ball of steam hits you!
You die...

..........## .......
....# .##.#......#
......?.. ....#........
......... ##....#...##.
#........
...##.#..###.##......
....... ............
..##.###.###....#.######
..#........§.§..D.......
......§≈≈≈≈≈≈§§§@.......
###.§.§....§.§≈.....$...
#...≈.###.#.≈§########
#...≈.#...#.≈.#
##..≈.#._(#§§.#
#..§.#...#.§§#
#.§≈.#.###.§.#
#.§≈.......≈.#
#.§≈≈≈≈≈§≈≈§.#


You could see a steam dragon (catching breath).

Vanquished Creatures
  Duvessa (D:5)
  A black bear (D:5)
  An ice beast (D:5)
  A sky beast (D:4)
  A phantom (D:5)
  A centaur (D:6)
  A kobold brigand (D:6)
  Blork the orc (D:5)
  A scorpion (D:6)
  Dowan (D:5)
  A howler monkey (D:6)
  4 hounds
  4 jellies
  2 orc priests (D:4)
  3 iguanas (D:5)
  9 orc wizards
  7 adders
  A shadow imp (Temple)
  An ufetubus (D:4)
  2 dart slugs (D:3)
  15 orcs
  9 ball pythons
  8 endoplasms
  2 giant cockroaches
  7 goblins
  10 hobgoblins
  12 jackals
  2 quokkas
  2 bats
  4 frilled lizards
  11 kobolds
  4 rats
130 creatures vanquished.

Vanquished Creatures (others)
  A steam dragon (D:6)
  An orc wizard (D:5)
  12 fungi
14 creatures vanquished.

Grand Total: 144 creatures vanquished

Notes
Turn   | Place    | Note
-------+----------+-------------------------------------------
     0 | D:1      | bande the Gargoyle Fighter began the quest for the Orb.
     0 | D:1      | Reached XP level 1. HP: 14/14 MP: 1/1
   298 | D:1      | Reached XP level 2. HP: 19/19 MP: 2/2
   404 | D:1      | Reached skill level 2 in Axes
   886 | D:2      | Reached XP level 3. HP: 23/23 MP: 3/3
  1506 | D:3      | Reached XP level 4. HP: 29/29 MP: 4/4
  1937 | D:3      | Found a faded altar of an unknown god.
  2105 | D:4      | Found Tac Qaag's Weapon Shop.
  2194 | D:4      | Reached skill level 3 in Axes
  2319 | D:4      | Noticed a sky beast
  2343 | D:4      | Killed a sky beast
  2344 | D:4      | Reached XP level 5. HP: 27/33 MP: 5/5
  2634 | D:4      | Reached skill level 4 in Axes
  2634 | D:4      | Reached XP level 6. HP: 38/38 MP: 6/6
  2715 | D:4      | Reached skill level 1 in Evocations
  3277 | D:5      | Entered Level 5 of the Dungeon
  3338 | D:5      | Noticed Blork the orc
  3360 | D:5      | Killed Blork the orc
  3633 | D:5      | Reached XP level 7. HP: 35/43 MP: 7/7
  3898 | D:5      | Reached skill level 5 in Axes
  4224 | D:5      | Noticed Dowan
  4224 | D:5      | Noticed Duvessa
  4235 | D:5      | Killed Duvessa
  4235 | D:5      | Killed Dowan
  4247 | D:5      | Identified the +6 quarterstaff of the Thing {freeze, Will+}
  4307 | D:5      | Reached skill level 5 in Armour
  4307 | D:5      | Reached XP level 8. HP: 38/48 MP: 8/8
  4397 | D:5      | Reached skill level 6 in Axes
  4397 | D:5      | Reached skill level 5 in Shields
  5235 | D:6      | Found a staircase to the Ecumenical Temple.
  5247 | Temple   | Entered the Ecumenical Temple
  5247 | Temple   | Found a transporter.
  5247 | Temple   | Found a transporter.
  5249 | Temple   | Found a transporter.
  5249 | Temple   | Found a transporter.
  5284 | Temple   | Became a worshipper of Warmaster Okawaru
  5340 | D:6      | Reached skill level 5 in Fighting
  5376 | D:6      | Found a broken altar of Ashenzari.
  5412 | D:6      | Reached skill level 7 in Axes
  5412 | D:6      | Reached skill level 1 in Invocations
  5412 | D:6      | Reached XP level 9. HP: 22/54 MP: 9/9
  5415 | D:6      | Killed from afar by a steam dragon

Illustrated notes

Levels and vault maps discovered:
D:1:      dpeg_arrival_chambers_temple_mockup, layout_basic
D:2:      layout_rooms, kennysheep_generic_room_6
D:3:      layout_basic, shapermc_ecumenical_altar_totnotflames,
          hangedman_abyss_or_decor_lesser_grid
D:4:      layout_loops_cross, serial_shops, nicolae_shop_bloodbath_and_beyond,
          hex_tiny, nicolae_hexahallways, minmay_misc_feat_pillars,
          kennysheep_diamond
D:5:      layout_loops_ring, serial_aquarium, aquarium_bridge_square
          [aquarium_subvault_bridge, aquarium_subvault_bridge,
          aquarium_subvault_wall, aquarium_subvault_balcony],
          aquarium_bridge_straight [aquarium_subvault_bridge,
          aquarium_subvault_wall, aquarium_subvault_bridge,
          aquarium_subvault_window], aquarium_window_fake,
          aquarium_window_double, aquarium_view_2d, aquarium_view_2c,
          aquarium_balcony_1a, minmay_a_box_with_orc_wizards_in_it,
          uniq_blork_the_orc, uniq_duvessa
D:6:      kennysheep_steamy, layout_rooms, mainiacjoe_overflow_brackets,
          minmay_temple_entry_ruins
Temple:   hellmonk_temple_divided_pantheon

Skill      XL: |  1  2  3  4  5  6  7  8 |
---------------+-------------------------+-----
Axes           | 2 3 4 5 7 |  7.0
Shields        | 4 5 |  5.9
Fighting       | 4 5 |  5.0
Armour         | 4 5 |  5.5
Evocations     | 1 2 3 |  3.6
Invocations    | 1 |  1.2
Stealth        | |  0.1

Action                   |  1- 3 |  4- 6 |  7- 9 || total
-------------------------+-------+-------+-------++-------
Melee: War axe           |    94 |   142 |   192 ||   428
       Punch             |       |     3 |       ||     3
  Use: Scroll            |     8 |     5 |    10 ||    23
       Potion            |       |     2 |       ||     2
Armor: Chain mail        |    30 |       |       ||    30
       Scale mail        |     1 |       |       ||     1
       Plate armour      |    25 |   111 |   174 ||   310
Dodge: Dodged            |    34 |    62 |    89 ||   185
Block: Buckler           |    26 |    21 |       ||    47
       Reflection        |     2 |       |     2 ||     4
       Other             |       |    38 |     5 ||    43
       Kite shield       |       |       |   155 ||   155

Table legend: (Time is in decaauts)
 A = Elapsed time spent in this place.
 B = Non-inter-level travel time spent in this place.
 C = Inter-level travel time spent in this place.
 D = Time resting spent in this place.
 E = Time spent auto-exploring this place.
 F = Levels seen in this place.
 G = Mean time per level.
                   A        B        C        D        E       F      G
               +--------+--------+--------+--------+--------+-----+--------+
         Total |   5576 |   5468 |    108 |   1010 |   3181 |   7 |  796.6 |
       Dungeon |   5519 |   5411 |    108 |   1010 |   3181 |   6 |  919.8 |
        Temple |     56 |     56 |      0 |      0 |      0 |   1 |   56.0 |
               +--------+--------+--------+--------+--------+-----+--------+

Top non-repeatable levels by time:
     D:5: 1889 daAuts
     D:4: 1199 daAuts
     D:1: 887 daAuts
     D:3: 746 daAuts
     D:2: 525 daAuts
     D:6: 271 daAuts
  Temple: 56 daAuts
